 Dungeon Crawl Stone Soup version 0.28.0 (webtiles) character file.

Game seed: 4547190966103936234

2300 AmazingTV the Covert (level 9, 0/45 HPs)
             Began as a Spriggan Brigand on June 23, 2022.
             Was a Priest of Elyvilon.
             Succumbed to a killer bee's poison
             ... on level 8 of the Dungeon.
             The game lasted 00:28:28 (11265 turns).

AmazingTV the Covert (Spriggan Brigand)            Turns: 11265, Time: 00:28:29

Health: 0/45       AC:  3    Str: 13    XL:     9   Next: 17%
Magic:  2/10       EV: 26    Int: 12    God:    Elyvilon [***...]
Gold:   382        SH:  0    Dex: 21    Spells: 8/8 levels left

rFire   . . .      SeeInvis +   b - +1 short sword (venom)
rCold   . . .      Faith    .   (no shield)
rNeg    . . .      Spirit   +   l - +0 robe
rPois   .          Reflect  .   (helmet restricted)
rElec   .          Harm     .   c - +0 cloak
rCorr   .          Rampage  .   (gloves unavailable)
Will    +....                   (boots unavailable)
Stlth   +++++.....              k - amulet of guardian spirit
HPRegen 0.15/turn               D - +6 ring of strength
MPRegen 0.12/turn               z - +4 ring of evasion

@: lethally poisoned (0 -> -8), flying, very quick
A: very small, no large weapons, unfitting armour, see invisible, speed 3
a: Renounce Religion, Purification, Heal Other, Heal Self


You were on level 8 of the Dungeon.
You worshipped Elyvilon.
Elyvilon was most pleased with you.
You visited 2 branches of the dungeon, and saw 9 of its levels.

You collected 382 gold pieces.

Inventory:

Hand Weapons
 a - a +5 dagger
 b - a +1 short sword of venom (weapon)
 q - a +0 hunting sling
 J - a +0 rapier
 Q - a +3 dagger
 S - a +0 shortbow
Missiles
 d - 8 poisoned darts (quivered)
 e - 2 curare-tipped darts
 g - 265 stones
 i - 3 throwing nets
 m - 100 arrows
 H - 3 boomerangs
Armour
 c - a +0 cloak (worn)
 l - a +0 robe (worn)
Jewellery
 k - an amulet of guardian spirit (around neck)
 n - a ring of protection from fire
 p - a ring of protection from fire
 z - a +4 ring of evasion (right hand)
 D - a +6 ring of strength (left hand)
 I - a +4 ring of slaying
 K - a ring of wizardry
 M - a ring of wizardry
Wands
 w - a wand of iceblast (1)
 x - a wand of charming (4)
 y - a wand of polymorph (9)
Scrolls
 h - 9 scrolls of identify
 j - 2 scrolls of vulnerability {unknown}
 r - 2 scrolls of brand weapon {unknown}
 s - a scroll of summoning {unknown}
 u - a scroll of silence {unknown}
 v - a scroll of amnesia {unknown}
 B - 2 scrolls of teleportation {unknown}
 C - a scroll of immolation {unknown}
 E - a scroll of enchant armour {unknown}
 G - a scroll of enchant weapon {unknown}
 O - a scroll of fear {unknown}
 R - a scroll of blinking {unknown}
Potions
 f - a potion of resistance
 o - 3 potions of lignification
 t - 4 potions of brilliance {unknown}
 A - a potion of flight
 F - 2 potions of mutation {unknown}
 L - 2 potions of haste {unknown}
 N - a potion of curing {unknown}
 P - a potion of degeneration {unknown}


   Skills:
 + Level 4.3 Fighting
 + Level 5.9 Short Blades
 + Level 5.7(7.0) Slings
 + Level 5.2(6.1) Throwing
 + Level 6.6 Dodging
 + Level 9.9 Stealth


You had 8 spell levels left.
You didn't know any spells.
Your spell library contained the following spells:

 Spells                   Type           Power      Damage    Failure   Level
 Animate Skeleton         Necr           0%         N/A       32%         1
 Foxfire                  Conj/Fire      0%         2x1d4     32%         1
 Pain                     Necr           0%         1d4       32%         1
 Conjure Flame            Conj/Fire      0%         6-21      69%         3
 Inner Flame              Hex/Fire       0%         N/A       69%         3
 Vampiric Draining        Necr           0%         2d6       69%         3
 Flame Wave               Conj/Fire      0%         2d4       97%         4
 Blade Hands              Tmut           0%         N/A       100%        5
 Irradiate                Conj/Tmut      0%         3d13      100%        5
 Dragon Form              Tmut           0%         N/A       100%        7


Dungeon Overview and Level Annotations

Branches:
Dungeon (8/15)             Temple (1/1) D:7
   Lair: D:8-11

Altars:
Cheibriados
Elyvilon
Gozag
Hepliaklqana
Kikubaaqudgha
Makhleb
Okawaru
Ru
Sif Muna
Trog
Uskayaw
Wu Jian
Xom
Yredelemnul
Zin
Lugonu

Annotations:
D:3 1 runed translucent door, Skilfsilihog's ghost, weakling MiFi


Innate Abilities, Weirdness & Mutations

You are very small and have problems with some larger weapons.
You are too small for most types of armour.
You have supernaturally acute eyesight. (SInv)
You cover ground extremely quickly. (Speed+++)


Message History

You miss the water moccasin.
The water moccasin is almost dead.
The killer bee completely misses you.
The water moccasin completely misses you.
You barely miss the water moccasin.
The water moccasin is almost dead.
You kill the water moccasin!
The killer bee completely misses you. The killer bee closely misses you.
You miss the killer bee. The killer bee completely misses you.
The killer bee misses you.
You hit the killer bee but do no damage.
The killer bee closely misses you.
You barely miss the killer bee.
The killer bee completely misses you. x2
You miss the killer bee. The killer bee barely misses you.
You hit the killer bee but do no damage.
The killer bee closely misses you. The killer bee completely misses you.
You barely miss the killer bee. The killer bee misses you.
The killer bee stings you.
You are poisoned.
The killer bee poisons you!
You feel sick.
You completely miss the killer bee.
You feel sick. The killer bee closely misses you.
You hit the killer bee.
The killer bee is poisoned.
The killer bee is moderately wounded.
You feel sick. The killer bee completely misses you. The killer bee stings you!
* * * LOW HITPOINT WARNING * * *
You feel sick.
You closely miss the killer bee.
The killer bee is heavily wounded.
You feel sick. The killer bee barely misses you. The killer bee stings you!
* * * LOW HITPOINT WARNING * * *
You are lethally poisoned!
The killer bee poisons you!
* * * LOW HITPOINT WARNING * * *
You feel sick.
It was a potion of flight.
You feel very buoyant.
You fly up into the air.
You die...

### .. #. ## #######.###### #.
.......#...y.######### #.
#.###y.........### #.
#######.###@.............
###.##....†........#####..####
.......#####.##....#?!$#..#
###.#### #.##....#$$(#..# #.
#.##....#$?[#..# #.
#.##./..#####..# #.
...............# ..
...............# ..
...........####


You could see 2 killer bees.

Vanquished Creatures
  A troll (D:7)
  Grinder (D:6)
  A wyvern (D:8)
  2 water moccasins
  A sky beast (D:5)
  A black bear (D:6)
  An ice beast (D:7)
  A centaur (D:8)
  A phantom (D:5)
  2 bullfrogs
  A scorpion (D:5)
  2 water moccasin zombies
  2 killer bees (D:8)
  5 wights (D:7)
  A howler monkey (D:5)
  A bullfrog zombie (D:3)
  A bullfrog skeleton (D:6)
  A hound (D:4)
  An iguana (D:6)
  An orc wizard (D:6)
  3 killer bee zombies (D:7)
  8 gnolls
  A howler monkey skeleton (D:5)
  4 adders (D:6)
  A river rat (D:3)
  A shadow imp (D:6)
  2 white imps
  4 worms
  4 dart slugs
  11 orcs
  9 ball pythons
  8 endoplasms
  6 giant cockroaches
  6 goblins
  2 hobgoblins (D:4)
  6 jackals
  A quokka (D:2)
  8 bats
  A frilled lizard (D:3)
  10 kobolds
  5 rats
129 creatures vanquished.

Vanquished Creatures (others)
  A wizard (D:7)
1 creature vanquished.

Grand Total: 130 creatures vanquished

Notes
Turn   | Place    | Note
-------+----------+-------------------------------------------
     0 | D:1      | AmazingTV the Spriggan Brigand began the quest for the Orb.
     0 | D:1      | Reached XP level 1. HP: 10/10 MP: 2/2
   149 | D:1      | Found a faded altar of an unknown god.
   226 | D:1      | Reached skill level 6 in Stealth
   236 | D:1      | Reached XP level 2. HP: 15/15 MP: 3/3
   691 | D:1      | Reached XP level 3. HP: 18/18 MP: 4/4
   905 | D:2      | Reached skill level 1 in Slings
  2422 | D:2      | Reached XP level 4. HP: 4/23 MP: 5/5
  3645 | D:3      | Found a runed translucent door.
  3646 | D:3      | Noticed Skilfsilihog's ghost (weakling MiFi)
  3646 | D:3      | Noticed a bullfrog
  4272 | D:3      | Found a runed translucent door.
  4321 | D:3      | Reached XP level 5. HP: 24/26 MP: 6/6
  4493 | D:3      | Found a sacrificial altar of Ru.
  4756 | D:3      | Reached skill level 7 in Stealth
  4981 | D:4      | Reached XP level 6. HP: 19/32 MP: 7/7
  5212 | D:4      | Found a white marble altar of Elyvilon.
  5357 | D:4      | Became a worshipper of Elyvilon the Healer
  5442 | D:4      | Found a hazy altar of Hepliaklqana.
  5731 | D:5      | Entered Level 5 of the Dungeon
  5786 | D:5      | Reached * piety under Elyvilon
  5875 | D:5      | Noticed a sky beast
  6059 | D:5      | Killed a sky beast
  6168 | D:5      | Found a snail-covered altar of Cheibriados.
  6592 | D:5      | Identified the +10 plate armour of Uskayaw's Reproof {rCorr
                  | Str-5 Slay+5 Stlth+}
  6720 | D:5      | Found a hide-covered altar of Uskayaw.
  6903 | D:5      | Found a shimmering blue altar of Sif Muna.
  6903 | D:5      | Found a basalt altar of Yredelemnul.
  7213 | D:5      | Reached XP level 7. HP: 35/35 MP: 8/8
  8067 | D:6      | Reached ** piety under Elyvilon
  8096 | D:6      | Reached skill level 8 in Stealth
  8176 | D:6      | Noticed Grinder
  8375 | D:6      | Killed Grinder
  8376 | D:6      | Reached skill level 5 in Dodging
  8376 | D:6      | Reached XP level 8. HP: 29/40 MP: 7/9
  9638 | D:7      | Reached *** piety under Elyvilon
  9671 | D:7      | Found a bloodstained altar of Trog.
  9672 | D:7      | Noticed a wizard
  9681 | D:7      | Killed a wizard
  9874 | D:7      | Reached skill level 5 in Short Blades
  9886 | D:7      | Found a shimmering altar of Xom.
  9888 | D:7      | Found a shimmering altar of Xom.
  9888 | D:7      | Found a shimmering altar of Xom.
  9889 | D:7      | Found a shimmering altar of Xom.
  9896 | D:7      | Found a staircase to the Ecumenical Temple.
 10055 | D:7      | Noticed a troll
 10059 | D:7      | Killed a troll
 10060 | D:7      | Reached skill level 5 in Slings
 10060 | D:7      | Reached skill level 9 in Stealth
 10119 | D:7      | Found a shimmering altar of Xom.
 10119 | D:7      | Found a shimmering altar of Xom.
 10122 | D:7      | Found a shimmering altar of Xom.
 10122 | D:7      | Found a shimmering altar of Xom.
 10168 | D:7      | Noticed a yaktaur
 10471 | D:7      | Reached skill level 5 in Throwing
 10704 | Temple   | Entered the Ecumenical Temple
 10765 | D:8      | Noticed a hornet
 10824 | D:8      | Reached XP level 9. HP: 45/45 MP: 10/10
 11264 | D:8      | HP: 2/45 [poisoned by a killer bee]
 11265 | D:8      | Succumbed to a killer bee's poison

Illustrated notes

Levels and vault maps discovered:
D:1:      nzn_arrival_settlement, layout_basic, ebering_ecumenical_altar_rust
D:2:      layout_loops_ring, hex_large
D:3:      layout_loops_cross, nicolae_ru_path_of_blood, ebering_ghost_sewer_f,
          serial_co_window_serial, co_window_paths_b,
          co_window_of_opportunity_a, co_window_paths_a,
          co_window_of_opportunity_a, co_window_of_opportunity_a,
          co_window_paths_a, co_window_corner_a, co_window_corner_a,
          co_window_of_opportunity_a, co_window_corner_b,
          co_window_of_opportunity_b, co_window_corner_cb, co_window_broadway_a,
          chequers_arboretum
D:4:      layout_basic, elyvilon_altar_4, nicolae_hepliaklqana_hazy_memory,
          minmay_misc_feat_tiny
D:5:      layout_loops_corners, chei_slow_surprise,
          gammafunk_temple_overflow_claw, hangedman_decor_growths,
          hangedman_minor_gate_pass
D:6:      layout_layer_cave, uniq_grinder
D:7:      layout_loops_ring, xom_shifter_show, trog_wizard,
          minmay_temple_entry_hall
D:8:      layout_loops_ring, serial_glass, glass_columns_a, glass_columns_a,
          due_unseen_surprise, minmay_misc_feat_secret_circle,
          hellmonk_guarded_unrand_vitality_bloodlust
Temple:   corrupted_temple

Skill      XL: |  1  2  3  4  5  6  7  8 |
---------------+-------------------------+-----
Stealth        | 6 7 8 9 |  9.9
Dodging        | 2 3 4 5 6 |  6.6
Slings         | 1 2 3 4 5 |  5.7
Fighting       | 2 3 4 |  4.3
Short Blades   | 3 4 5 |  5.9
Throwing       | 3 4 5 |  5.2

Action                   |  1- 3 |  4- 6 |  7- 9 || total
-------------------------+-------+-------+-------++-------
Melee: Dagger            |   141 |     9 |    50 ||   200
       Punch             |     1 |     1 |     5 ||     7
       Short sword       |       |   127 |   180 ||   307
 Fire: Hunting sling     |       |       |     9 ||     9
Throw: Dart              |     7 |    24 |     4 ||    35
  Use: Scroll            |       |       |     1 ||     1
       Potion            |       |       |     1 ||     1
 Stab: Sleeping          |    13 |    10 |    13 ||    36
       Distracted        |     1 |     2 |     1 ||     4
Armor: Robe              |    17 |     8 |    14 ||    39
Dodge: Dodged            |    77 |    88 |   208 ||   373
